Ggg, neutral male human Monk --------- -----######-.......| #....|# |.......| |.`.|# #|.......| ---+- #....|# ###-.------- -...S# ###|..(|# # # |..@|### # |....#### # |...| # # -+---# ### ..<.. ################## # ----- # # ### # ########### # # -|---.------ # |..........| ------# |..........| |..{.|# |..........| |....|# |......._..| |/....# ------------ ------ Ggg the Novice Experience level: 4 Strength: 18 Dexterity: 15 Constitution: 14 Intelligence: 8 Wisdom: 12 Charisma: 9 Health: 0(33) Energy: 20(20) AC: 4 Gold: 227 Moves: 1457 Your Inventory: Coins $ - 227 gold pieces Armor a - a blessed +2 pair of leather gloves (being worn) b - an uncursed +1 robe (being worn) Comestibles f - 4 uncursed food rations Scrolls d - an uncursed scroll of punishment j - an [uncursed] scroll labeled GARVEN DEH [of identify] t - an [uncursed] scroll labeled VENZAR BORGAVVE [of magic mapping] Spellbooks c - a blessed spellbook of healing Potions e - 3 uncursed potions of healing k - an [uncursed] clear potion [of water] m - an [uncursed] black potion [of speed] E - 2 [uncursed] ruby potions [of gain energy] F - an [uncursed] steamy potion [of object detection] Rings x - an [uncursed] +1 ring of gain constitution (on right hand) C - an [uncursed] platinum ring [of see invisible] G - a cursed wire ring [of polymorph] (on left hand) H - an [uncursed] topaz ring [of poison resistance] Tools B - an [uncursed] lock pick Spells known in the end: Name Level Category Fail Memory a - healing 1 healing 0% [||||||||] b - magic missile 2 attack 78% [||||||||] Your skills at the end: Fighting Skills martial arts [Basic / Grand Master] Weapon Skills Spellcasting Skills healing spells [Basic / Expert] Final Attributes: You had strayed. Hunger level was 590. Your alignment was -3 / 17. Monster difficulty range was 0 - 4. Level difficulty was 5. You were immune to sleep. You were immune to poison. You saw invisible. You were polymorphing. You were fast. Your luck was zero. You are dead. Vanquished creatures: a giant ant a little dog a kobold shaman a rothe a giant bat a monkey 2 coyotes a large kobold a cave spider a green mold 3 jackals a fox 2 goblins a lichen 2 newts 20 creatures vanquished. Voluntary challenges: You were an atheist. You pretended to be a vegetarian. You never hit with a wielded weapon. You read items or engraved 8 times. You put on armor 4 times. You never genocided any monsters. You never polymorphed an object. You never changed form. You used no wishes. You wrote Elbereth's name 1 time. You never encountered a bones level. You never used any Sokoban shortcuts. Dungeon overview: The Dungeons of Doom: levels 1 to 5 Level 1 a long staircase Level 2 an altar to Chih Sung-tzu Level 3 a fountain Level 4 stairs to The Gnomish Mines Level 5 <- You were here an altar, a fountain The Gnomish Mines: Level 5 stairs to The Dungeons of Doom History has recorded: On T:1 you entered the Dungeons of Doom to retrieve the Amulet of Yendor! On T:216 you reached level 2 of The Dungeons of Doom. On T:271 you advanced to experience level 2. On T:483 you reached level 3 of The Dungeons of Doom. On T:515 you advanced to experience level 3. On T:910 you reached level 4 of The Dungeons of Doom. On T:1083 you advanced to experience level 4. On T:1249 you reached level 1 of The Gnomish Mines. On T:1269 you reached level 5 of The Dungeons of Doom. Latest messages: You miss the water moccasin. The water moccasin bites! (3x) [HP-9=24] The water moccasin bites! [HP-2=22] The water moccasin bites! [HP-6=16] You write "Elbereth" with your fingers into the dust. The water moccasin misses. You add "Elbereth" with your fingers to the writing in the dust. The water moccasin bites! [HP-4=12] [HP+1=13] [HP+1=14] The water moccasin bites! [HP-3=11] You attack thin air. The water moccasin bites! [HP-6=5] You attack thin air. The water moccasin bites! You die... Final status: Punardarsanaya Ggg the Monk... You died in The Dungeons of Doom on dungeon level 5 with 517 points, and 227 pieces of gold, after 1457 moves. You were level 4 with a maximum of 33 hit points when you died.